 Dungeon Crawl Stone Soup version 0.31.0-11-ge490571c62 (webtiles) character file.

Game seed: 13338060761160620548

3414 sanka the Grappler (level 9, -3/96 HPs)
             Began as a Troll Monk on Jan 30, 2024.
             Was an Initiate of Ru.
             Slain by a wyvern (9 damage)
             ... on level 8 of the Dungeon.
             The game lasted 00:12:25 (5023 turns).

sanka the Grappler (Troll Monk)                     Turns: 5023, Time: 00:12:25

Health: -3/96      AC:  6    Str: 27    XL:     9   Next: 76%
Magic:  7/7        EV: 11    Int:  6    God:    Ru [......]
Gold:   793        SH:  0    Dex: 22    Spells: 8/8 levels left

rFire   . .          .
                       - Unarmed
rCold   . . .        c - orb {light}
rNeg    . . .        a - +0 robe
rPois   .            (helmet restricted)
rElec   .            y - +1 cloak {Stlth+}
rCorr   .            (gloves unavailable)
SInv    .            (boots unavailable)
Will    .....        H - amulet of regeneration
Stlth   +            h - +6 ring of strength
HPRegen 1.96/turn    z - +6 ring of dexterity
MPRegen 0.10/turn

%: no passive effects
@: glowing
A: large, unfitting armour, claws 3, low MP 1, regeneration 1, shaggy fur 1,
tough skin 1, horns 1
a: Renounce Religion


You were on level 8 of the Dungeon.
You worshipped Ru.
Ru was noncommittal.
You visited 2 branches of the dungeon, and saw 9 of its levels.
You also visited: Sewer and Bailey.

You collected 793 gold pieces.


Innate Abilities, Weirdness & Mutations

You are too large for most types of armour.
You have claws for hands.
Your magical capacity is low. (-10% MP)
Your natural rate of healing is unusually fast.
You are covered in fur. (AC +1)
You have tough skin. (AC +1)
You have a pair of small horns on your head.


   Skills:
 + Level 8.2 Fighting
 + Level 3.0 Dodging
 * Level 10.4 Unarmed Combat
 + Level 1.6 Shapeshifting


You had 8 spell levels left.
You didn't know any spells.
Your spell library contained the following spells:

 Spells                   Type           Power      Damage    Failure   Level
 Apportation              Tloc           0%         N/A       45%         1
 Foxfire                  Conj/Fire      0%         2x1d4     45%         1
 Blink                    Tloc           0%         N/A       58%         2
 Jinxbite                 Hex            0%         N/A       58%         2
 Lesser Beckoning         Tloc           0%         N/A       58%         2
 Momentum Strike          Conj/Tloc      0%         3d8       58%         2
 Sublimation of Blood     Necr           0%         N/A       58%         2
 Call Canine Familiar     Summ           0%         N/A       83%         3
 Sigil of Binding         Hex            0%         N/A       83%         3
 Anguish                  Hex/Necr       0%         N/A       99%         4
 Cause Fear               Hex            0%         N/A       99%         4
 Dimensional Bullseye     Hex/Tloc       0%         N/A       99%         4
 Petrify                  Alch/Erth      0%         N/A       99%         4
 Alistair's Intoxication  Alch           0%         N/A       100%        5
 Irradiate                Conj/Alch      0%         3d11      100%        5
 Plasma Beam              Fire/Air       0%         2x1d10    100%        6
 Starburst                Conj/Fire      0%         6d3       100%        6
 Enfeeble                 Hex            0%         N/A       100%        7

Inventory:

Missiles
 D - a throwing net {=f}
 I - 5 curare-tipped darts {=f}
Armour
 a - a +0 robe (worn)
 c - an orb of light (worn)
 y - a +1 cloak of stealth (worn)
 E - a +0 kite shield
Magical Staves
 K - a staff of alchemy
Jewellery
 h - a +6 ring of strength (left claw)
 j - a ring of see invisible
 u - an amulet of the acrobat
 z - a +6 ring of dexterity (right claw)
 H - an amulet of regeneration (around neck)
Wands
 s - a wand of polymorph (12)
 w - a wand of flame (31)
 B - a wand of light (14)
 G - a wand of charming (7)
Scrolls
 d - 7 scrolls of identify {unknown}
 e - a scroll of vulnerability {unknown}
 f - 2 scrolls of amnesia {unknown}
 i - 3 scrolls of enchant armour {unknown}
 k - a scroll of noise {unknown}
 l - 2 scrolls of fear {unknown}
 m - 4 scrolls of teleportation {unknown}
 p - 3 scrolls of fog {unknown}
 q - a scroll of poison {unknown}
 r - 3 scrolls of immolation {unknown}
 t - 2 scrolls of blinking {unknown}
 v - 3 scrolls of revelation {unknown}
 x - 2 scrolls of butterflies {unknown}
 C - 2 scrolls of brand weapon {unknown}
Potions
 b - a potion of ambrosia
 g - 2 potions of magic
 n - 4 potions of might {unknown}
 o - 2 potions of haste {@q3}
 A - 3 potions of heal wounds {@q2}
 F - 2 potions of curing {unknown}
 J - a potion of mutation {!q}

Dungeon Overview and Level Annotations

Branches:
Dungeon (8/15)             Temple (1/1) D:7            Lair (0/5) D:8
  Sewer (visited)          Bailey (visited)

Altars:
Ashenzari
Cheibriados
Fedhas
Gozag
Hepliaklqana
Kikubaaqudgha
Makhleb
Nemelex Xobeh
Qazlal
Ru
Sif Muna
Trog
Uskayaw
Vehumet
Wu Jian
Yredelemnul
Zin

Shops:
D:5 =

Annotations:
D:7 1 runed translucent door

..▒ ▒.▒...........▒▒▒▒▒
▒.▒▒▒▒▒ ▒.▒......[..▒▒▒
......▒▒▒▒ ▒.▒▒▒'▒.....▒
▒.▒▒▒....▒
▒▒.▒▒▒.▒▒▒.▒.. ▒.▒
▒....▒▒ ▒..........▒▒..
▒.▒ ▒▒....▒ ▒..▒▒▒.▒▒▒▒▒
▒.▒
▒....▒▒▒▒....▒........
▒.▒
▒......)).▒▒.▒▒▒▒▒▒▒▒▒
..▒▒▒▒...▒▒▒▒).▒T.......
.........'......k.......
▒▒▒▒▒▒...▒▒▒▒...l......▒
▒...▒ ▒▒c.▒▒▒▒▒▒.▒ ▒▒▒▒▒
▒.l▒▒▒▒ ▒ ▒†....▒
▒.▒...▒ ▒.▒.▒.▒ ▒.....▒


You could see 2 basilisks, a wyvern and a centaur.


Message History

Your Dodging skill increases to level 3!
Unknown command.
The centaur hits you.
* * * LOW HITPOINT WARNING * * *
The centaur kicks you but does no damage.
The wyvern attacks as it pursues you! The wyvern misses you.
The centaur hits you.
* * * LOW HITPOINT WARNING * * *
The centaur kicks you but does no damage.
You see here a yak corpse.
The centaur hits you.
* * * LOW HITPOINT WARNING * * *
The centaur kicks you but does no damage.
The basilisk gazes at you. You resist with some effort.
The wyvern closely misses you.
Unknown command.
The centaur wields a +0 shortbow.
The centaur shoots an arrow.
The arrow hits you.
* * * LOW HITPOINT WARNING * * *
The wyvern bites you but does no damage.
The centaur shoots an arrow.
The arrow barely misses you.
The centaur shoots an arrow.
The arrow hits you!
* * * LOW HITPOINT WARNING * * *
The wyvern bites you!
You die...

Action                     |  1- 3 |  4- 6 |  7- 9 || total
---------------------------+-------+-------+-------++-------
  Melee: Unarmed           |   102 |    99 |   204 ||   405
         Headbutt          |       |       |    32 ||    32
 Invoke: Sacrifice Essence |       |       |     1 ||     1
    Use: Potion            |       |       |     6 ||     6
 Armour: Robe              |    74 |    34 |   171 ||   279
         Skin              |       |     3 |       ||     3
  Dodge: Dodged            |    68 |    46 |   115 ||   229

Levels and vault maps discovered:
D:1:      sevenhm_arrival_forest_fort_small_3, layout_loops_corners,
          minmay_tall_x
D:2:      layout_rooms
D:3:      layout_basic, uniq_terence
D:4:      layout_rooms, mainiacjoe_overflow_concentric_impassable
D:5:      layout_rooms, serial_shops, nicolae_shop_tiny_statue_garden,
          mainiacjoe_sewer_entry_somewhere_in_here_2, uniq_crazy_yiuf_cottage
D:6:      layout_gridville, chequers_serial_rivers_micro_d
D:7:      layout_loops_cross, eat_drink_and_be_merry_uskayaw,
          nzn_makhleb_speed_demon, minmay_temple_entry_large_hall, uniq_jeremiah
D:8:      layout_basic, david_lair_generic, enter_bailey_2,
          eino_small_chamber_without_monster, uniq_amaemon
Temple:   jpeg_temple_clearing

Notes
Turn   | Place    | Note
-------+----------+-------------------------------------------
     0 | D:1      | sanka the Troll Monk began the quest for the Orb.
     0 | D:1      | Reached XP level 1. HP: 22/22 MP: 0/0
   173 | D:1      | Reached XP level 2. HP: 23/29 MP: 1/1
   502 | D:1      | Reached skill level 3 in Fighting
   505 | D:1      | Reached XP level 3. HP: 37/37 MP: 2/2
   609 | D:1      | Reached skill level 4 in Unarmed Combat
   970 | D:2      | Reached XP level 4. HP: 45/45 MP: 3/3
   990 | D:2      | Identified the ring of Accord {Str+2 Int+6}
  1177 | D:2      | Reached skill level 5 in Unarmed Combat
  1510 | D:3      | Noticed Terence
  1519 | D:3      | Reached XP level 5. HP: 44/53 MP: 4/4
  1523 | D:3      | Killed Terence
  1843 | D:4      | Reached skill level 6 in Unarmed Combat
  1894 | D:4      | Found a shimmering blue altar of Sif Muna.
  1990 | D:4      | Reached XP level 6. HP: 61/61 MP: 5/5
  2244 | D:5      | Entered Level 5 of the Dungeon
  2254 | D:5      | Reached skill level 7 in Unarmed Combat
  2365 | D:5      | Found Huucosur's Jewellery Emporium.
  2379 | D:5      | Reached XP level 7. HP: 53/67 MP: 6/6
  2465 | D:5      | Reached skill level 8 in Unarmed Combat
  2489 | D:5      | Found a runed translucent door.
  2490 | D:5      | Noticed Crazy Yiuf
  2495 | D:5      | Killed Crazy Yiuf
  2572 | D:5      | Found a glowing drain.
  2577 | Sewer    | Entered a sewer
  2818 | Sewer    | Gained mutation: You have a pair of small horns on your
                  | head. [potion of mutation]
  3280 | D:6      | Reached skill level 9 in Unarmed Combat
  3447 | D:6      | Reached XP level 8. HP: 75/75 MP: 7/7
  3483 | D:6      | Reached skill level 10 in Unarmed Combat
  3754 | D:7      | Reached skill level 4 in Fighting
  3837 | D:7      | Found a runed translucent door.
  3838 | D:7      | Found a burning altar of Makhleb.
  3838 | D:7      | Noticed a sixfirhy
  4010 | D:7      | Found a hide-covered altar of Uskayaw.
  4046 | D:7      | Found a staircase to the Ecumenical Temple.
  4053 | D:7      | Reached skill level 5 in Fighting
  4072 | Temple   | Entered the Ecumenical Temple
  4090 | Temple   | Became a worshipper of Ru the Awakened
  4108 | Temple   | Gained mutation: Your magical capacity is low. (-10% MP)
                  | [Ru sacrifice]
  4320 | D:7      | Reached skill level 6 in Fighting
  4445 | D:7      | Noticed Jeremiah
  4461 | D:7      | Killed Jeremiah
  4462 | D:7      | Reached XP level 9. HP: 52/86 MP: 7/7
  4569 | D:8      | Reached skill level 7 in Fighting
  4673 | D:8      | Found a flagged portal.
  4680 | Bailey   | Entered a bailey
  4764 | Bailey   | Reached skill level 8 in Fighting
  4820 | Bailey   | Reached skill level 1 in Shapeshifting
  4832 | Bailey   | Found a bloodstained altar of Trog.
  5001 | D:8      | Found a staircase to the Lair.
  5018 | D:8      | Reached skill level 3 in Dodging
  5020 | D:8      | HP: 9/96 [centaur/arrow (5)]
  5023 | D:8      | Slain by a wyvern

Vanquished Creatures
  Jeremiah (D:7)
  A yak (D:8)
  4 orc warriors (Bailey)
  An ice beast (D:8)
  2 sky beasts
  An ogre (D:5)
  A black bear (D:6)
  A phantom (D:5)
  6 kobold brigands
  2 bullfrogs (D:7)
  3 gnoll sergeants
  4 scorpions
  5 wights (D:7)
  A bombardier beetle (D:6)
  2 howler monkeys
  A jelly (D:7)
  2 hounds
  2 orc priests
  Crazy Yiuf (D:5)
  Terence (D:3)
  An iguana (D:6)
  3 orc wizards (D:7)
  15 gnolls
  10 adders
  3 river rats
  2 shadow imps (D:7)
  3 white imps
  2 ufetubi (D:6)
  3 ribbon worms
  5 dart slugs
  12 orcs
  12 ball pythons
  8 endoplasms
  7 giant cockroaches
  9 goblins
  7 hobgoblins
  11 jackals
  4 quokkas
  7 bats
  4 frilled lizards
  21 kobolds
  9 rats
200 creatures vanquished.
